[ AOE2 MATCH · #479303535 ]
UnrankedCelts vs Mongols
Player's team · LOSS
[ REPLAY ANALYSIS · EXTRACTED FROM THE RECORDED GAME ]
Feudal
12:33
Castle
20:55
Imperial
34:28
| APM avg | 24.0 |
| APM peak | 43 |
| eAPM avg | 14.7 |
| Villagers / military | 98 / 168 |
Focus
⚔️ 31.9% · 🌾 68.1%
Spearman ×133 · Fishing Ship ×11 · Scorpion ×10 · Mangonel ×8 · Militia ×7 · Battering Ram ×4
Feudal
8:39
Castle
27:08
Imperial
36:18
| APM avg | 57.5 |
| APM peak | 95 |
| eAPM avg | 27.4 |
| Villagers / military | 117 / 49 |
Focus
⚔️ 17.8% · 🌾 82.2%
Fishing Ship ×20 · Archer ×16 · Mangudai ×11 · Battering Ram ×11 · Militia ×7 · Mangonel ×2
Feudal
10:15
Castle
16:38
Imperial
29:49
| APM avg | 21.7 |
| APM peak | 47 |
| eAPM avg | 15.5 |
| Villagers / military | 148 / 165 |
Focus
⚔️ 23.5% · 🌾 76.5%
Knight ×109 · Spearman ×32 · Bombard Cannon ×23 · Fishing Ship ×10 · Monk ×1
Feudal
11:28
Castle
15:05
Imperial
33:00
| APM avg | 90.3 |
| APM peak | 190 |
| eAPM avg | 52.4 |
| Villagers / military | 140 / 372 |
Focus
⚔️ 72.6% · 🌾 27.4%
Kona ×276 · Bolas Rider ×91 · Fishing Ship ×15 · Trade Cart ×6 · Trebuchet (Packed) ×5
Feudal
13:46
Castle
29:33
Imperial
40:13
| APM avg | 24.5 |
| APM peak | 47 |
| eAPM avg | 15.1 |
| Villagers / military | 82 / 37 |
Focus
⚔️ 38.4% · 🌾 61.6%
Archer ×22 · Longbowman ×15
Feudal
10:33
Castle
17:29
Imperial
32:23
| APM avg | 31.4 |
| APM peak | 65 |
| eAPM avg | 19.0 |
| Villagers / military | 143 / 228 |
Focus
⚔️ 29.0% · 🌾 71.0%
Samurai ×199 · Trade Cart ×19 · Battering Ram ×16 · Fishing Ship ×8 · Archer ×4 · Militia ×3
Feudal
12:39
Castle
18:56
Imperial
31:04
| APM avg | 40.4 |
| APM peak | 76 |
| eAPM avg | 31.8 |
| Villagers / military | 121 / 271 |
Focus
⚔️ 41.9% · 🌾 58.1%
Militia ×126 · Spearman ×56 · Battering Ram ×43 · Scorpion ×36 · Fishing Ship ×16 · Trebuchet (Packed) ×6
Feudal
10:51
Castle
16:42
Imperial
34:00
| APM avg | 46.1 |
| APM peak | 106 |
| eAPM avg | 22.7 |
| Villagers / military | 115 / 53 |
Focus
⚔️ 35.5% · 🌾 64.5%
Unknown (2579) ×80 · Petard ×48 · Unknown (2582) ×22 · Fishing Ship ×6 · Trebuchet (Packed) ×4 · Monk ×1
Match map
Initial resources + every placement click. Lines = walls · curves = elevation contours. ◆ gold · ⬟ stone · ● berries · ✦ relic · ◌ wall gap
Your base· ✓ Closed at 20:55 · 21t walls · 4 gate(s)
busy pushing deer's base· ✓ Closed at 27:08 · 21t walls · 2 gate(s)
Lokomotive Leipzig's base· ✓ Closed at 16:38 · 0t walls · no gate
SiMpSoN's base· Open — opponent sealed themselves in
-=GoW=-Dragon's base· ✓ Closed at 29:33 · 45t walls · no gate
AVCI's base· Open — opponent sealed themselves in
Juanki's base· ✓ Closed at 18:56 · 16t walls · no gate
omnomnomnivore's base· ✓ Closed at 16:42 · 38t walls · no gate
Smoothed initial terrain · ◌ = detected wall gap · hover for details
Inputs per minute
— ✪-Matteo-✪ - - busy pushing deer
Build order — ✪-Matteo-✪
First 150 of 346 actions detected
| 0:01 | Create | Villager (Male) |
| 0:01 | Create | Villager (Male) |
| 0:01 | Create | Villager (Male) |
| 0:02 | Build | House |
| 0:04 | Build | House |
| 0:21 | Create | Villager (Male) |
| 0:22 | Create | Villager (Male) |
| 1:32 | Create | Villager (Male) |
| 1:45 | Build | Lumber Camp |
| 2:00 | Create | Villager (Male) |
| 2:24 | Create | Villager (Male) |
| 2:54 | Create | Villager (Male) |
| 3:32 | Create | Villager (Male) |
| 3:40 | Create | Villager (Male) |
| 3:55 | Build | Palisade Wall |
| 3:56 | Build | Palisade Wall |
| 3:57 | Build | Palisade Wall |
| 4:03 | Build | House |
| 4:15 | Research | Loom |
| 4:48 | Create | Villager (Male) |
| 4:48 | Create | Villager (Male) |
| 5:04 | Create | Villager (Male) |
| 5:41 | Create | Villager (Male) |
| 6:00 | Build | House |
| 6:31 | Create | Villager (Male) |
| 6:32 | Create | Villager (Male) |
| 6:37 | Build | Mill |
| 6:38 | Create | Villager (Male) |
| 7:14 | Build | Dock |
| 7:30 | Create | Villager (Male) |
| 7:56 | Build | House |
| 8:08 | Create | Villager (Male) |
| 8:30 | Create | Villager (Male) |
| 8:58 | Create | Villager (Male) |
| 9:03 | Create | Fishing Ship |
| 9:04 | Create | Fishing Ship |
| 9:19 | Build | Mill |
| 9:30 | Create | Villager (Male) |
| 9:41 | Build | Mining Camp |
| 9:58 | Create | Villager (Male) |
| 10:00 | Research | Feudal Age |
| 10:06 | Create | Fishing Ship |
| 10:11 | Create | Fishing Ship |
| 10:30 | Build | House |
| 10:33 | Create | Villager (Male) |
| 10:33 | Create | Villager (Male) |
| 11:09 | Build | Barracks |
| 11:27 | Build | House |
| 11:36 | Build | Lumber Camp |
| 11:44 | Create | Militia |
| 11:44 | Create | Militia |
| 12:09 | Create | Militia |
| 12:11 | Create | Villager (Male) |
| 12:26 | Create | Fishing Ship |
| 12:27 | Create | Fishing Ship |
| 12:33 | Age | Feudal Age |
| 12:37 | Research | Man-at-Arms (upgrade) |
| 12:46 | Research | Double-Bit Axe |
| 12:57 | Create | Militia |
| 12:57 | Create | Militia |
| 13:14 | Build | Palisade Gate |
| 13:18 | Build | Palisade Wall |
| 13:37 | Create | Villager (Male) |
| 13:40 | Research | Wheelbarrow |
| 13:42 | Create | Militia |
| 13:42 | Create | Militia |
| 13:54 | Build | House |
| 14:02 | Build | Gate |
| 14:13 | Build | Gate |
| 14:18 | Build | Stone Wall |
| 14:19 | Create | Villager (Male) |
| 14:23 | Build | Market |
| 14:31 | Create | Villager (Male) |
| 14:36 | Build | Blacksmith |
| 14:50 | Build | Stone Wall |
| 14:55 | Build | House |
| 15:28 | Create | Villager (Male) |
| 15:34 | Build | Mining Camp |
| 15:47 | Create | Villager (Male) |
| 15:54 | Research | Arson |
| 16:01 | Build | Fish Trap |
| 16:10 | Build | Farm |
| 16:11 | Research | Horse Collar |
| 16:16 | Build | Farm |
| 16:17 | Build | Farm |
| 16:18 | Build | Farm |
| 16:19 | Build | Farm |
| 16:48 | Create | Villager (Male) |
| 16:48 | Create | Villager (Male) |
| 16:53 | Build | Farm |
| 16:56 | Build | Farm |
| 17:48 | Build | Barracks |
| 17:50 | Create | Villager (Male) |
| 17:50 | Create | Villager (Male) |
| 18:02 | Research | Castle Age |
| 18:07 | Build | Farm |
| 18:10 | Research | Stone Mining |
| 18:17 | Build | Fish Trap |
| 18:20 | Build | Fish Trap |
| 18:31 | Build | Fish Trap |
| 18:37 | Create | Villager (Male) |
| 18:42 | Research | Tech 906 |
| 19:03 | Build | Fish Trap |
| 19:15 | Build | House |
| 19:38 | Build | Farm |
| 20:04 | Build | Gate |
| 20:08 | Build | Gate |
| 20:18 | Build | Stone Wall |
| 20:55 | Age | Castle Age |
| 21:02 | Build | Siege Workshop |
| 21:17 | Create | Villager (Male) |
| 21:24 | Research | Gambesons |
| 21:36 | Build | Town Center |
| 21:45 | Create | Mangonel |
| 22:04 | Build | Mining Camp |
| 22:06 | Create | Villager (Male) |
| 22:06 | Create | Villager (Male) |
| 22:09 | Research | Hand Cart |
| 22:11 | Research | Bow Saw |
| 22:17 | Create | Fishing Ship |
| 22:24 | Create | Villager (Male) |
| 23:05 | Build | Fish Trap |
| 23:08 | Create | Mangonel |
| 23:09 | Create | Villager (Male) |
| 23:10 | Create | Villager (Male) |
| 23:11 | Create | Villager (Male) |
| 23:28 | Build | Town Center |
| 24:14 | Create | Villager (Male) |
| 24:14 | Create | Villager (Male) |
| 24:16 | Build | Farm |
| 24:17 | Build | Farm |
| 24:18 | Create | Villager (Male) |
| 24:19 | Create | Villager (Male) |
| 24:19 | Create | Villager (Male) |
| 24:19 | Create | Villager (Male) |
| 24:37 | Create | Villager (Male) |
| 24:38 | Create | Villager (Male) |
| 24:38 | Create | Villager (Male) |
| 24:46 | Build | Farm |
| 24:50 | Create | Fishing Ship |
| 24:50 | Create | Fishing Ship |
| 25:07 | Build | Dock |
| 25:12 | Build | Farm |
| 25:14 | Create | Villager (Male) |
| 25:25 | Build | Farm |
| 25:27 | Build | Farm |
| 25:29 | Build | Farm |
| 25:50 | Build | Farm |
| 25:55 | Build | Fish Trap |
| 26:03 | Create | Scorpion |
Build order — busy pushing deer
First 150 of 350 actions detected
| 0:01 | Create | Villager (Male) |
| 0:02 | Create | Villager (Male) |
| 0:03 | Build | House |
| 0:05 | Build | House |
| 0:10 | Create | Villager (Male) |
| 0:11 | Create | Villager (Male) |
| 0:11 | Create | Villager (Male) |
| 1:32 | Create | Villager (Male) |
| 2:05 | Create | Villager (Male) |
| 2:12 | Build | Lumber Camp |
| 2:28 | Create | Villager (Male) |
| 2:39 | Create | Villager (Male) |
| 2:55 | Create | Villager (Male) |
| 2:55 | Create | Villager (Male) |
| 3:17 | Build | House |
| 3:29 | Create | Villager (Male) |
| 3:39 | Create | Villager (Male) |
| 3:44 | Create | Villager (Male) |
| 3:44 | Create | Villager (Male) |
| 3:45 | Create | Villager (Male) |
| 4:34 | Create | Villager (Male) |
| 4:51 | Create | Villager (Male) |
| 5:41 | Build | Barracks |
| 6:29 | Research | Feudal Age |
| 6:41 | Create | Militia |
| 6:43 | Build | House |
| 7:11 | Create | Militia |
| 7:17 | Build | Mining Camp |
| 7:23 | Create | Militia |
| 7:37 | Build | House |
| 7:47 | Create | Militia |
| 7:56 | Create | Militia |
| 8:39 | Age | Feudal Age |
| 8:45 | Research | Man-at-Arms (upgrade) |
| 8:47 | Create | Villager (Male) |
| 8:49 | Research | Double-Bit Axe |
| 8:53 | Build | Archery Range |
| 9:14 | Create | Villager (Male) |
| 9:20 | Research | Arson |
| 9:51 | Create | Villager (Male) |
| 9:53 | Create | Archer |
| 10:00 | Build | House |
| 10:05 | Build | House |
| 10:47 | Create | Villager (Male) |
| 11:09 | Create | Villager (Male) |
| 11:12 | Create | Archer |
| 11:22 | Build | Stone Wall |
| 11:27 | Build | Stone Wall |
| 11:28 | Build | Gate |
| 11:35 | Create | Archer |
| 11:39 | Create | Villager (Male) |
| 11:56 | Build | Gate |
| 12:10 | Build | Stone Wall |
| 12:14 | Build | Gate |
| 12:19 | Create | Archer |
| 12:23 | Create | Villager (Male) |
| 12:29 | Create | Archer |
| 12:39 | Build | Mining Camp |
| 12:46 | Build | Dock |
| 12:54 | Create | Militia |
| 12:55 | Create | Militia |
| 13:10 | Build | Mill |
| 13:11 | Create | Villager (Male) |
| 13:30 | Create | Archer |
| 13:30 | Create | Archer |
| 13:36 | Create | Villager (Male) |
| 13:40 | Build | House |
| 14:03 | Create | Archer |
| 14:17 | Create | Villager (Male) |
| 14:20 | Build | House |
| 14:24 | Create | Fishing Ship |
| 14:46 | Create | Villager (Male) |
| 14:53 | Create | Archer |
| 15:06 | Create | Archer |
| 15:28 | Create | Villager (Male) |
| 15:33 | Build | Blacksmith |
| 15:50 | Create | Villager (Male) |
| 15:53 | Create | Fishing Ship |
| 16:10 | Create | Villager (Male) |
| 16:15 | Create | Fishing Ship |
| 16:35 | Build | Farm |
| 16:35 | Create | Villager (Male) |
| 16:39 | Create | Fishing Ship |
| 17:03 | Create | Villager (Male) |
| 17:06 | Build | Farm |
| 17:22 | Build | House |
| 17:23 | Build | House |
| 17:38 | Create | Archer |
| 17:38 | Create | Archer |
| 17:38 | Create | Archer |
| 17:47 | Build | Farm |
| 17:48 | Create | Villager (Male) |
| 18:03 | Build | House |
| 18:03 | Build | House |
| 18:16 | Build | Farm |
| 18:19 | Research | Fletching |
| 18:22 | Create | Archer |
| 18:29 | Build | Mining Camp |
| 18:56 | Create | Villager (Male) |
| 19:25 | Create | Villager (Male) |
| 19:31 | Research | Horse Collar |
| 19:34 | Create | Fishing Ship |
| 19:35 | Create | Fishing Ship |
| 19:44 | Create | Villager (Male) |
| 19:55 | Create | Villager (Male) |
| 19:58 | Create | Archer |
| 19:58 | Create | Archer |
| 20:10 | Build | Farm |
| 20:14 | Build | Farm |
| 20:37 | Create | Villager (Male) |
| 20:42 | Build | Farm |
| 20:46 | Build | Farm |
| 20:48 | Build | Farm |
| 20:54 | Build | Farm |
| 20:56 | Build | Farm |
| 21:00 | Create | Villager (Male) |
| 21:20 | Research | Loom |
| 21:20 | Research | Wheelbarrow |
| 21:28 | Build | House |
| 21:28 | Build | House |
| 21:29 | Build | House |
| 21:29 | Build | House |
| 21:30 | Build | House |
| 21:30 | Build | House |
| 21:57 | Build | Farm |
| 21:59 | Build | Farm |
| 22:01 | Build | Farm |
| 22:05 | Build | Farm |
| 22:19 | Build | Stone Wall |
| 23:02 | Create | Villager (Male) |
| 23:05 | Build | Farm |
| 23:08 | Create | Fishing Ship |
| 23:08 | Create | Fishing Ship |
| 23:08 | Create | Fishing Ship |
| 23:23 | Build | Dock |
| 23:29 | Create | Fishing Ship |
| 23:30 | Create | Villager (Male) |
| 23:45 | Create | Villager (Male) |
| 24:28 | Research | Castle Age |
| 24:34 | Build | Lumber Camp |
| 24:50 | Create | Fishing Ship |
| 24:50 | Create | Fishing Ship |
| 24:59 | Build | Fish Trap |
| 25:07 | Build | House |
| 25:09 | Build | House |
| 25:36 | Build | Fish Trap |
| 25:41 | Create | Fishing Ship |
| 25:41 | Create | Fishing Ship |
| 25:44 | Build | Fish Trap |
| 25:47 | Build | Fish Trap |
Build order — Lokomotive Leipzig
First 150 of 371 actions detected
| 0:01 | Create | Villager (Male) ×4 |
| 0:01 | Create | Villager (Male) ×4 |
| 0:03 | Build | House |
| 0:10 | Build | House |
| 1:40 | Create | Villager (Male) |
| 2:02 | Create | Villager (Male) |
| 2:02 | Create | Villager (Male) |
| 2:28 | Create | Villager (Male) |
| 2:28 | Create | Villager (Male) |
| 2:56 | Create | Villager (Male) |
| 3:14 | Create | Villager (Male) |
| 3:18 | Build | House |
| 3:30 | Build | Mill |
| 3:42 | Create | Villager (Male) |
| 4:06 | Create | Villager (Male) |
| 4:06 | Create | Villager (Male) |
| 4:33 | Create | Villager (Male) |
| 4:33 | Create | Villager (Male) |
| 4:54 | Create | Villager (Male) |
| 4:54 | Create | Villager (Male) |
| 5:01 | Build | Lumber Camp |
| 5:29 | Create | Villager (Male) |
| 5:29 | Create | Villager (Male) |
| 5:40 | Create | Villager (Male) |
| 6:11 | Create | Villager (Male) |
| 6:25 | Create | Villager (Male) |
| 6:25 | Create | Villager (Male) |
| 6:49 | Research | Loom |
| 6:53 | Build | House |
| 7:02 | Create | Villager (Male) |
| 7:33 | Create | Villager (Male) |
| 7:48 | Build | Dock |
| 8:01 | Build | Mining Camp |
| 8:04 | Research | Feudal Age |
| 8:32 | Create | Fishing Ship |
| 8:52 | Build | House |
| 8:58 | Build | House |
| 9:00 | Build | House |
| 9:28 | Build | Mill |
| 10:07 | Create | Villager (Male) |
| 10:07 | Create | Villager (Male) |
| 10:09 | Create | Fishing Ship |
| 10:15 | Age | Feudal Age |
| 10:44 | Create | Villager (Male) |
| 11:13 | Build | Market |
| 11:19 | Create | Villager (Male) |
| 11:44 | Create | Villager (Male) |
| 12:09 | Build | Barracks |
| 12:17 | Create | Villager (Male) |
| 12:58 | Build | Stable |
| 13:08 | Create | Villager (Male) |
| 13:08 | Create | Villager (Male) |
| 13:41 | Research | Castle Age |
| 13:56 | Build | Blacksmith |
| 14:40 | Create | Fishing Ship |
| 14:40 | Create | Fishing Ship |
| 14:55 | Build | Lumber Camp |
| 15:12 | Research | Forging |
| 15:37 | Build | Lumber Camp |
| 16:03 | Research | Scale Barding Armor |
| 16:08 | Create | Fishing Ship |
| 16:21 | Build | House |
| 16:24 | Build | House |
| 16:26 | Build | House |
| 16:26 | Build | House |
| 16:38 | Age | Castle Age |
| 16:41 | Create | Knight |
| 16:59 | Research | Bloodlines |
| 17:01 | Create | Villager (Male) |
| 17:13 | Research | Horse Collar |
| 17:17 | Research | Double-Bit Axe |
| 17:24 | Build | Farm |
| 17:25 | Build | Farm |
| 17:26 | Build | Farm |
| 17:35 | Build | Farm |
| 17:50 | Create | Knight |
| 17:52 | Create | Villager (Male) |
| 18:06 | Build | Town Center |
| 18:13 | Create | Villager (Male) |
| 18:25 | Create | Knight |
| 18:25 | Create | Knight |
| 18:32 | Build | Farm |
| 18:41 | Build | Fish Trap |
| 18:48 | Create | Villager (Male) |
| 18:53 | Build | Farm |
| 19:03 | Build | Farm |
| 19:04 | Build | Farm |
| 19:05 | Build | Farm |
| 19:16 | Build | Farm |
| 19:19 | Create | Villager (Male) |
| 19:19 | Create | Villager (Male) |
| 19:29 | Build | Farm |
| 19:35 | Create | Villager (Male) |
| 19:36 | Create | Villager (Male) |
| 19:36 | Create | Villager (Male) |
| 19:42 | Build | Fish Trap |
| 19:49 | Build | Fish Trap |
| 19:58 | Build | Fish Trap |
| 20:11 | Create | Villager (Male) |
| 20:11 | Create | Villager (Male) |
| 20:17 | Build | Fish Trap |
| 20:22 | Create | Fishing Ship |
| 20:24 | Create | Villager (Male) |
| 20:32 | Create | Villager (Male) |
| 20:55 | Create | Villager (Male) |
| 20:55 | Create | Villager (Male) |
| 20:57 | Create | Villager (Male) |
| 21:30 | Create | Villager (Male) |
| 21:30 | Create | Villager (Male) |
| 21:31 | Create | Villager (Male) |
| 21:57 | Create | Villager (Male) |
| 21:57 | Create | Villager (Male) |
| 22:02 | Build | Farm |
| 22:03 | Build | Farm |
| 22:09 | Build | Fish Trap |
| 22:14 | Create | Fishing Ship |
| 22:16 | Create | Villager (Male) |
| 22:22 | Build | House |
| 22:26 | Build | House |
| 22:27 | Build | House |
| 22:28 | Build | House |
| 22:29 | Build | House |
| 22:30 | Build | House |
| 22:30 | Build | House |
| 22:31 | Build | House |
| 22:34 | Create | Villager (Male) |
| 22:34 | Create | Villager (Male) |
| 22:53 | Build | Farm |
| 22:55 | Create | Villager (Male) |
| 22:55 | Create | Villager (Male) |
| 23:00 | Create | Fishing Ship |
| 23:03 | Build | Fish Trap |
| 23:18 | Build | Town Center |
| 23:22 | Create | Villager (Male) |
| 23:24 | Create | Villager (Male) |
| 23:24 | Create | Villager (Male) |
| 23:41 | Create | Fishing Ship |
| 23:46 | Build | Fish Trap |
| 23:54 | Create | Villager (Male) |
| 23:54 | Create | Villager (Male) |
| 24:17 | Build | Farm |
| 24:19 | Create | Villager (Male) |
| 24:27 | Build | Fish Trap |
| 24:33 | Create | Fishing Ship |
| 24:34 | Create | Villager (Male) |
| 24:35 | Create | Villager (Male) |
| 24:43 | Build | Farm |
| 24:46 | Build | Farm |
| 24:47 | Build | Farm |
| 25:06 | Build | Monastery |
Build order — SiMpSoN
First 150 of 377 actions detected
| 0:00 | Create | Villager (Male) |
| 0:01 | Create | Villager (Male) |
| 0:02 | Build | House |
| 0:03 | Build | House |
| 0:09 | Build | Settlement |
| 0:10 | Create | Villager (Male) |
| 0:12 | Create | Villager (Male) |
| 1:39 | Create | Villager (Male) |
| 1:40 | Create | Villager (Male) |
| 2:06 | Create | Villager (Male) |
| 2:06 | Create | Villager (Male) |
| 2:33 | Create | Villager (Male) |
| 2:34 | Create | Villager (Male) |
| 2:44 | Create | Villager (Male) |
| 2:45 | Create | Villager (Male) |
| 3:13 | Create | Villager (Male) |
| 3:13 | Create | Villager (Male) |
| 3:36 | Create | Villager (Male) |
| 3:36 | Create | Villager (Male) |
| 3:38 | Build | House |
| 4:16 | Create | Villager (Male) |
| 4:17 | Create | Villager (Male) |
| 4:17 | Create | Villager (Male) |
| 4:51 | Create | Villager (Male) |
| 5:00 | Create | Villager (Male) |
| 5:21 | Build | Dock |
| 5:44 | Create | Villager (Male) |
| 5:44 | Create | Villager (Male) |
| 5:59 | Build | House |
| 6:13 | Create | Villager (Male) |
| 6:13 | Create | Villager (Male) |
| 6:18 | Build | House |
| 6:19 | Create | Fishing Ship |
| 6:19 | Create | Fishing Ship |
| 6:36 | Create | Villager (Male) |
| 6:36 | Create | Villager (Male) |
| 6:47 | Create | Villager (Male) |
| 6:47 | Create | Villager (Male) |
| 6:51 | Build | House |
| 7:01 | Create | Fishing Ship |
| 7:03 | Create | Villager (Male) |
| 7:20 | Create | Villager (Male) |
| 7:21 | Create | Villager (Male) |
| 7:35 | Create | Fishing Ship |
| 7:54 | Create | Fishing Ship |
| 8:02 | Create | Villager (Male) |
| 8:45 | Create | Villager (Male) |
| 9:18 | Research | Feudal Age |
| 9:18 | Research | Feudal Age |
| 9:31 | Build | Barracks |
| 10:47 | Create | Villager (Male) |
| 11:22 | Create | Villager (Male) |
| 11:28 | Age | Feudal Age |
| 11:31 | Build | Archery Range |
| 11:42 | Build | Blacksmith |
| 12:25 | Research | Castle Age |
| 12:48 | Build | Settlement |
| 13:07 | Create | Villager (Male) |
| 13:11 | Build | House |
| 13:28 | Build | Archery Range |
| 13:32 | Research | Fletching |
| 13:32 | Research | Fletching |
| 14:06 | Build | Fish Trap |
| 14:07 | Build | Fish Trap |
| 14:36 | Build | Archery Range |
| 14:42 | Create | Villager (Male) |
| 14:51 | Research | Double-Bit Axe |
| 15:05 | Age | Castle Age |
| 15:09 | Create | Bolas Rider ×2 |
| 15:09 | Create | Bolas Rider ×2 |
| 15:10 | Create | Villager (Male) |
| 15:31 | Create | Bolas Rider ×2 |
| 15:32 | Create | Bolas Rider ×2 |
| 15:36 | Create | Bolas Rider |
| 15:36 | Create | Bolas Rider |
| 15:39 | Create | Bolas Rider |
| 15:39 | Create | Bolas Rider |
| 15:40 | Create | Villager (Male) |
| 15:40 | Create | Villager (Male) |
| 16:04 | Create | Villager (Male) |
| 16:05 | Create | Bolas Rider |
| 16:06 | Create | Bolas Rider |
| 16:21 | Build | Fish Trap |
| 16:25 | Create | Fishing Ship |
| 16:31 | Create | Villager (Male) |
| 16:33 | Create | Villager (Male) |
| 16:38 | Create | Bolas Rider |
| 16:38 | Create | Bolas Rider |
| 16:49 | Create | Bolas Rider |
| 16:50 | Create | Bolas Rider |
| 17:15 | Create | Bolas Rider |
| 17:15 | Create | Bolas Rider |
| 17:20 | Build | Fish Trap |
| 17:22 | Build | House |
| 17:23 | Create | Villager (Male) |
| 17:29 | Research | Town Watch |
| 17:31 | Build | House |
| 17:40 | Create | Bolas Rider |
| 17:41 | Create | Bolas Rider |
| 17:52 | Create | Villager (Male) |
| 17:56 | Build | House |
| 18:01 | Build | Settlement |
| 18:21 | Create | Bolas Rider |
| 18:21 | Create | Bolas Rider |
| 18:26 | Create | Fishing Ship |
| 18:30 | Create | Bolas Rider |
| 18:30 | Create | Bolas Rider |
| 18:59 | Build | Fish Trap |
| 19:05 | Create | Villager (Male) |
| 19:10 | Create | Villager (Male) |
| 19:14 | Research | Bodkin Arrow |
| 19:25 | Build | Fish Trap |
| 19:32 | Create | Villager (Male) |
| 19:41 | Create | Villager (Male) |
| 19:57 | Create | Villager (Male) |
| 20:17 | Create | Villager (Male) |
| 20:18 | Create | Bolas Rider ×5 |
| 20:18 | Create | Bolas Rider ×5 |
| 20:31 | Create | Villager (Male) |
| 20:55 | Create | Villager (Male) |
| 21:10 | Build | Town Center |
| 21:38 | Build | Town Center |
| 22:50 | Create | Villager (Male) ×5 |
| 22:50 | Create | Villager (Male) ×5 |
| 23:06 | Create | Villager (Male) |
| 23:10 | Build | Market |
| 23:13 | Build | Settlement |
| 23:21 | Create | Fishing Ship |
| 23:24 | Build | Dock |
| 23:27 | Build | Farm |
| 23:33 | Build | Farm |
| 23:36 | Build | Farm |
| 23:36 | Build | Farm |
| 23:38 | Build | Farm |
| 23:43 | Build | Farm |
| 23:45 | Build | Farm |
| 23:47 | Build | Farm |
| 23:49 | Build | Farm |
| 23:51 | Build | Farm |
| 23:54 | Build | Farm |
| 23:56 | Build | Farm |
| 23:59 | Build | Farm |
| 24:00 | Create | Villager (Male) ×3 |
| 24:10 | Create | Fishing Ship |
| 24:37 | Build | Farm |
| 24:39 | Build | Farm |
| 24:46 | Build | Fish Trap |
| 24:49 | Create | Fishing Ship ×4 |
| 24:52 | Build | House |
| 24:54 | Create | Villager (Male) ×5 |
Build order — -=GoW=-Dragon
First 150 of 197 actions detected
| 0:02 | Create | Villager (Male) |
| 0:02 | Create | Villager (Male) |
| 0:03 | Build | House |
| 0:05 | Build | House |
| 0:06 | Build | House |
| 0:06 | Create | Villager (Male) |
| 0:06 | Create | Villager (Male) |
| 1:10 | Build | House |
| 1:18 | Create | Villager (Male) |
| 2:04 | Build | Palisade Wall |
| 2:10 | Create | Villager (Male) |
| 2:11 | Create | Villager (Male) |
| 2:15 | Build | Palisade Wall |
| 2:24 | Build | Palisade Wall |
| 2:33 | Create | Villager (Male) |
| 2:34 | Create | Villager (Male) |
| 3:01 | Build | House |
| 3:12 | Build | House |
| 3:27 | Create | Villager (Male) |
| 3:28 | Create | Villager (Male) |
| 3:28 | Create | Villager (Male) |
| 3:46 | Create | Villager (Male) |
| 3:47 | Create | Villager (Male) |
| 4:12 | Create | Villager (Male) |
| 4:12 | Create | Villager (Male) |
| 4:34 | Create | Villager (Male) |
| 4:34 | Create | Villager (Male) |
| 4:47 | Build | Lumber Camp |
| 5:09 | Build | House |
| 5:17 | Create | Villager (Male) |
| 5:17 | Create | Villager (Male) |
| 5:24 | Build | Palisade Wall |
| 5:44 | Build | Palisade Wall |
| 5:52 | Create | Villager (Male) |
| 5:52 | Create | Villager (Male) |
| 6:06 | Create | Villager (Male) |
| 6:47 | Create | Villager (Male) |
| 6:53 | Build | Mill |
| 7:00 | Create | Villager (Male) |
| 7:31 | Build | Palisade Wall |
| 7:32 | Build | Palisade Wall |
| 7:32 | Build | Palisade Wall |
| 8:02 | Create | Villager (Male) |
| 8:22 | Create | Villager (Male) |
| 8:30 | Create | Villager (Male) |
| 8:35 | Research | Loom |
| 8:48 | Create | Villager (Male) |
| 8:57 | Create | Villager (Male) |
| 9:10 | Build | Palisade Wall |
| 9:33 | Build | House |
| 10:29 | Build | Palisade Wall |
| 10:51 | Research | Loom |
| 11:06 | Build | Farm |
| 11:09 | Create | Villager (Male) |
| 11:22 | Research | Feudal Age |
| 11:31 | Build | Barracks |
| 12:18 | Create | Villager (Male) |
| 12:31 | Build | Farm |
| 12:35 | Build | Farm |
| 12:37 | Build | Farm |
| 12:59 | Build | Farm |
| 13:46 | Age | Feudal Age |
| 13:52 | Build | Archery Range |
| 13:58 | Build | Watch Tower |
| 14:00 | Create | Villager (Male) |
| 14:10 | Create | Villager (Male) |
| 14:17 | Build | Blacksmith |
| 14:37 | Create | Archer |
| 14:47 | Build | Lumber Camp |
| 14:52 | Build | House |
| 15:00 | Build | House |
| 15:07 | Build | Mining Camp |
| 15:45 | Create | Villager (Male) |
| 15:52 | Create | Villager (Male) |
| 16:05 | Create | Villager (Male) |
| 16:13 | Create | Archer |
| 16:32 | Create | Archer |
| 16:35 | Research | Fletching |
| 16:48 | Build | Farm |
| 16:58 | Create | Archer |
| 17:08 | Create | Archer |
| 17:16 | Create | Villager (Male) |
| 17:30 | Create | Villager (Male) |
| 17:44 | Create | Archer |
| 17:56 | Build | Farm |
| 18:18 | Create | Archer |
| 18:27 | Research | Padded Archer Armor |
| 18:32 | Build | Farm |
| 18:37 | Build | Farm |
| 18:59 | Create | Villager (Male) |
| 19:08 | Build | Farm |
| 19:14 | Build | Lumber Camp |
| 20:00 | Create | Villager (Male) |
| 21:02 | Create | Villager (Male) |
| 21:02 | Create | Villager (Male) |
| 21:58 | Create | Archer |
| 21:58 | Create | Archer |
| 23:21 | Create | Archer |
| 23:21 | Create | Archer |
| 23:25 | Create | Villager (Male) |
| 23:41 | Build | House |
| 23:42 | Build | House |
| 24:23 | Create | Villager (Male) |
| 24:23 | Create | Villager (Male) |
| 24:26 | Create | Villager (Male) |
| 24:26 | Create | Villager (Male) |
| 24:38 | Create | Villager (Male) |
| 25:12 | Build | Market |
| 25:36 | Create | Villager (Male) |
| 25:38 | Build | Farm |
| 25:41 | Build | Farm |
| 25:42 | Create | Villager (Male) |
| 26:10 | Build | Farm |
| 26:18 | Create | Archer |
| 26:18 | Create | Archer |
| 26:25 | Create | Villager (Male) |
| 26:52 | Research | Castle Age |
| 26:57 | Build | House |
| 27:19 | Build | Mining Camp |
| 27:29 | Build | Farm |
| 27:31 | Create | Villager (Male) |
| 27:53 | Create | Archer |
| 27:53 | Create | Archer |
| 27:56 | Create | Villager (Male) |
| 27:56 | Create | Villager (Male) |
| 28:20 | Create | Archer |
| 28:52 | Create | Villager (Male) |
| 28:53 | Create | Villager (Male) |
| 29:15 | Create | Villager (Male) |
| 29:15 | Create | Villager (Male) |
| 29:33 | Age | Castle Age |
| 29:33 | Create | Villager (Male) |
| 29:33 | Create | Villager (Male) |
| 29:41 | Build | Town Center |
| 29:44 | Create | Villager (Male) |
| 29:49 | Research | Crossbowman (upgrade) |
| 29:52 | Research | Bodkin Arrow |
| 30:05 | Create | Archer |
| 30:06 | Create | Villager (Male) |
| 30:17 | Build | House |
| 30:21 | Build | House |
| 30:39 | Create | Archer |
| 30:40 | Create | Archer |
| 30:57 | Build | House |
| 31:17 | Build | Mining Camp |
| 31:26 | Create | Villager (Male) |
| 31:43 | Build | Gate |
| 31:48 | Build | Stone Wall |
| 31:49 | Build | Stone Wall |
| 31:49 | Build | Stone Wall |
Build order — AVCI
First 150 of 469 actions detected
| 0:01 | Create | Villager (Male) |
| 0:02 | Build | House |
| 0:03 | Build | House |
| 0:10 | Create | Villager (Male) |
| 0:10 | Create | Villager (Male) |
| 0:15 | Create | Villager (Male) |
| 0:15 | Create | Villager (Male) |
| 1:26 | Create | Villager (Male) |
| 1:54 | Build | Lumber Camp |
| 2:01 | Create | Villager (Male) |
| 2:01 | Create | Villager (Male) |
| 2:17 | Create | Villager (Male) |
| 2:17 | Create | Villager (Male) |
| 2:46 | Create | Villager (Male) |
| 2:47 | Create | Villager (Male) |
| 3:01 | Create | Villager (Male) |
| 3:01 | Create | Villager (Male) |
| 3:36 | Create | Villager (Male) |
| 3:36 | Create | Villager (Male) |
| 3:50 | Build | House |
| 4:00 | Create | Villager (Male) |
| 4:01 | Create | Villager (Male) |
| 4:23 | Build | Barracks |
| 4:33 | Create | Villager (Male) |
| 4:55 | Create | Villager (Male) |
| 4:55 | Create | Villager (Male) |
| 5:15 | Create | Villager (Male) |
| 5:32 | Build | House |
| 5:45 | Create | Villager (Male) |
| 6:01 | Build | Dock |
| 6:07 | Create | Villager (Male) |
| 6:10 | Build | House |
| 6:25 | Create | Villager (Male) |
| 6:51 | Create | Villager (Male) |
| 6:56 | Create | Fishing Ship |
| 7:24 | Create | Villager (Male) |
| 7:28 | Create | Fishing Ship |
| 7:58 | Create | Villager (Male) |
| 8:07 | Build | Mill |
| 8:22 | Research | Feudal Age |
| 8:23 | Research | Feudal Age |
| 8:33 | Create | Fishing Ship |
| 8:40 | Build | Mining Camp |
| 9:10 | Build | Palisade Wall |
| 9:36 | Create | Fishing Ship |
| 9:38 | Create | Militia |
| 9:38 | Create | Militia |
| 9:42 | Build | House |
| 10:14 | Create | Militia |
| 10:33 | Age | Feudal Age |
| 10:35 | Create | Villager (Male) |
| 10:38 | Research | Man-at-Arms (upgrade) |
| 10:46 | Build | Archery Range |
| 10:55 | Create | Villager (Male) |
| 10:55 | Create | Villager (Male) |
| 11:01 | Research | Double-Bit Axe |
| 11:01 | Research | Double-Bit Axe |
| 11:05 | Build | House |
| 11:18 | Create | Villager (Male) |
| 11:38 | Create | Villager (Male) |
| 11:50 | Create | Fishing Ship |
| 12:09 | Create | Villager (Male) |
| 12:16 | Build | Farm |
| 12:26 | Create | Villager (Male) |
| 12:30 | Build | Farm |
| 12:47 | Build | House |
| 12:56 | Research | Wheelbarrow |
| 13:12 | Create | Villager (Male) |
| 13:15 | Build | Blacksmith |
| 13:18 | Build | Palisade Gate |
| 13:19 | Build | Palisade Wall |
| 13:43 | Build | Fish Trap |
| 13:56 | Build | Fish Trap |
| 13:57 | Build | Fish Trap |
| 14:13 | Build | Fish Trap |
| 14:39 | Build | Fish Trap |
| 14:49 | Research | Castle Age |
| 14:57 | Build | House |
| 15:11 | Build | Farm |
| 15:25 | Build | Fish Trap |
| 15:34 | Create | Archer |
| 15:34 | Create | Archer |
| 15:52 | Build | House |
| 16:17 | Research | Horse Collar |
| 16:17 | Research | Horse Collar |
| 16:19 | Create | Archer |
| 16:20 | Research | Fletching |
| 16:42 | Build | Fish Trap |
| 16:49 | Build | House |
| 17:13 | Create | Villager (Male) |
| 17:23 | Create | Archer |
| 17:29 | Age | Castle Age |
| 17:36 | Research | Crossbowman (upgrade) |
| 17:37 | Research | Bodkin Arrow |
| 17:37 | Research | Bodkin Arrow |
| 17:38 | Create | Villager (Male) |
| 17:38 | Create | Villager (Male) |
| 17:50 | Build | Siege Workshop |
| 17:59 | Create | Villager (Male) |
| 18:23 | Build | Farm |
| 18:24 | Build | Farm |
| 18:25 | Build | Farm |
| 18:47 | Build | House |
| 18:48 | Create | Villager (Male) |
| 18:58 | Create | Scorpion |
| 18:58 | Create | Scorpion |
| 19:00 | Create | Villager (Male) |
| 19:26 | Build | Town Center |
| 19:31 | Create | Villager (Male) |
| 19:36 | Build | House |
| 20:01 | Create | Villager (Male) |
| 20:10 | Build | Monastery |
| 20:18 | Build | House |
| 20:30 | Create | Villager (Male) |
| 20:30 | Create | Villager (Male) |
| 20:34 | Create | Villager (Male) |
| 20:34 | Create | Villager (Male) |
| 20:55 | Create | Monk |
| 21:00 | Create | Villager (Male) |
| 21:05 | Build | Town Center |
| 21:17 | Build | House |
| 21:19 | Build | Palisade Gate |
| 21:20 | Build | Palisade Wall |
| 21:22 | Build | Farm |
| 21:25 | Create | Villager (Male) |
| 21:25 | Create | Villager (Male) |
| 21:35 | Research | Loom |
| 21:44 | Create | Villager (Male) |
| 21:45 | Create | Villager (Male) |
| 22:09 | Create | Villager (Male) |
| 22:10 | Create | Villager (Male) |
| 22:10 | Create | Villager (Male) |
| 22:10 | Create | Villager (Male) |
| 22:14 | Create | Villager (Male) |
| 22:15 | Create | Villager (Male) |
| 22:25 | Build | Town Center |
| 22:44 | Build | Farm |
| 22:45 | Build | Farm |
| 22:50 | Create | Villager (Male) |
| 22:51 | Create | Villager (Male) |
| 22:56 | Build | Farm |
| 22:58 | Create | Fishing Ship |
| 23:04 | Build | House |
| 23:05 | Build | House |
| 23:08 | Create | Villager (Male) |
| 23:08 | Create | Villager (Male) |
| 23:34 | Create | Villager (Male) |
| 23:35 | Create | Villager (Male) |
| 23:39 | Create | Fishing Ship |
| 23:44 | Build | Fish Trap |
Build order — Juanki
First 150 of 622 actions detected
| 0:02 | Build | House |
| 0:03 | Build | House |
| 0:04 | Create | Villager (Male) |
| 0:04 | Create | Villager (Male) |
| 0:04 | Create | Villager (Male) |
| 0:05 | Create | Villager (Male) |
| 0:05 | Create | Villager (Male) |
| 0:28 | Research | Loom |
| 0:28 | Create | Villager (Male) |
| 0:28 | Create | Villager (Male) |
| 0:29 | Create | Villager (Male) |
| 0:29 | Create | Villager (Male) |
| 1:38 | Build | Palisade Wall |
| 1:40 | Build | Lumber Camp |
| 1:41 | Create | Villager (Male) |
| 2:08 | Create | Villager (Male) |
| 2:08 | Create | Villager (Male) |
| 2:41 | Create | Villager (Male) |
| 2:42 | Create | Villager (Male) |
| 3:16 | Create | Villager (Male) |
| 3:17 | Create | Villager (Male) |
| 3:42 | Create | Villager (Male) |
| 3:42 | Create | Villager (Male) |
| 3:45 | Build | House |
| 4:08 | Create | Villager (Male) |
| 4:08 | Create | Villager (Male) |
| 4:28 | Build | House |
| 4:29 | Build | House |
| 4:30 | Build | House |
| 4:34 | Build | House |
| 4:42 | Create | Villager (Male) |
| 4:43 | Create | Villager (Male) |
| 4:59 | Create | Villager (Male) |
| 4:59 | Create | Villager (Male) |
| 5:33 | Create | Villager (Male) |
| 5:33 | Create | Villager (Male) |
| 5:49 | Create | Villager (Male) |
| 5:50 | Create | Villager (Male) |
| 6:05 | Build | Mill |
| 6:44 | Create | Villager (Male) |
| 6:44 | Create | Villager (Male) |
| 6:45 | Create | Villager (Male) |
| 6:45 | Create | Villager (Male) |
| 6:46 | Create | Villager (Male) |
| 7:14 | Create | Villager (Male) |
| 7:49 | Create | Villager (Male) |
| 8:02 | Create | Villager (Male) |
| 8:02 | Create | Villager (Male) |
| 8:20 | Build | Dock |
| 8:26 | Create | Villager (Male) |
| 8:30 | Build | Mining Camp |
| 9:05 | Build | Lumber Camp |
| 9:24 | Create | Villager (Male) |
| 9:57 | Create | Villager (Male) |
| 10:08 | Build | House |
| 10:09 | Build | House |
| 10:21 | Create | Fishing Ship |
| 10:26 | Research | Feudal Age |
| 10:27 | Research | Feudal Age |
| 10:39 | Create | Fishing Ship |
| 11:22 | Create | Villager (Male) |
| 11:26 | Build | Barracks |
| 11:46 | Create | Villager (Male) |
| 12:30 | Create | Fishing Ship |
| 12:39 | Age | Feudal Age |
| 12:45 | Research | Horse Collar |
| 12:46 | Research | Double-Bit Axe |
| 12:51 | Build | Market |
| 13:04 | Build | Farm |
| 13:25 | Build | Farm |
| 13:31 | Create | Villager (Male) |
| 13:55 | Build | Farm |
| 13:58 | Build | Farm |
| 13:58 | Create | Villager (Male) |
| 14:11 | Build | Lumber Camp |
| 14:13 | Build | House |
| 14:14 | Build | House |
| 14:26 | Create | Villager (Male) |
| 14:34 | Build | Farm |
| 14:38 | Build | Farm |
| 14:57 | Create | Villager (Male) |
| 15:00 | Build | Farm |
| 15:05 | Build | Farm |
| 15:34 | Create | Villager (Male) |
| 15:41 | Build | Blacksmith |
| 15:58 | Create | Fishing Ship |
| 16:16 | Research | Castle Age |
| 16:16 | Research | Castle Age |
| 16:17 | Research | Castle Age |
| 16:18 | Research | Gold Mining |
| 16:18 | Research | Stone Mining |
| 16:19 | Research | Gold Mining |
| 16:27 | Build | House |
| 16:27 | Build | House |
| 16:29 | Build | House |
| 16:29 | Build | House |
| 16:31 | Build | House |
| 16:44 | Build | Stone Wall |
| 16:59 | Build | Mining Camp |
| 17:01 | Create | Villager (Male) |
| 17:08 | Build | House |
| 17:21 | Create | Fishing Ship |
| 17:28 | Research | Wheelbarrow |
| 17:54 | Create | Villager (Male) |
| 18:00 | Build | Mining Camp |
| 18:07 | Create | Fishing Ship |
| 18:47 | Create | Villager (Male) |
| 18:56 | Age | Castle Age |
| 18:58 | Create | Villager (Male) |
| 19:14 | Build | Town Center |
| 19:27 | Build | Town Center |
| 19:38 | Research | Bow Saw |
| 19:47 | Build | Fish Trap |
| 19:50 | Build | Fish Trap |
| 19:55 | Build | Fish Trap |
| 20:05 | Create | Villager (Male) |
| 20:17 | Create | Villager (Male) |
| 20:17 | Create | Villager (Male) |
| 20:19 | Create | Villager (Male) |
| 20:21 | Build | Fish Trap |
| 20:37 | Build | Fish Trap |
| 20:58 | Create | Villager (Male) |
| 20:58 | Create | Villager (Male) |
| 21:02 | Research | Hand Cart |
| 21:02 | Research | Hand Cart |
| 21:03 | Create | Villager (Male) |
| 21:15 | Build | Fish Trap |
| 21:17 | Create | Villager (Male) |
| 21:21 | Create | Villager (Male) |
| 21:30 | Create | Villager (Male) |
| 21:32 | Research | Town Watch |
| 21:32 | Research | Town Watch |
| 21:47 | Create | Villager (Male) |
| 22:00 | Build | Town Center |
| 22:03 | Create | Villager (Male) |
| 22:14 | Create | Villager (Male) |
| 22:19 | Create | Villager (Male) |
| 22:21 | Create | Fishing Ship |
| 22:28 | Research | Tech 906 |
| 22:28 | Research | Tech 906 |
| 22:30 | Create | Villager (Male) |
| 22:37 | Create | Villager (Male) |
| 22:49 | Create | Villager (Male) |
| 22:53 | Create | Fishing Ship |
| 22:57 | Create | Villager (Male) |
| 22:57 | Create | Villager (Male) |
| 22:57 | Create | Villager (Male) |
| 22:58 | Create | Villager (Male) |
| 23:03 | Build | Fish Trap |
| 23:12 | Build | House |
Build order — omnomnomnivore
First 150 of 336 actions detected
| 0:01 | Create | Villager (Male) |
| 0:01 | Create | Villager (Male) |
| 0:03 | Build | House |
| 0:05 | Build | House |
| 0:31 | Create | Villager (Male) |
| 0:41 | Build | Palisade Wall |
| 0:43 | Create | Villager (Male) |
| 0:56 | Research | Loom |
| 0:57 | Create | Villager (Male) |
| 0:57 | Create | Villager (Male) |
| 1:03 | Build | Palisade Wall |
| 1:17 | Build | Palisade Wall |
| 1:27 | Create | Villager (Male) |
| 1:27 | Create | Villager (Male) |
| 1:36 | Build | Palisade Wall |
| 2:12 | Create | Villager (Male) |
| 2:24 | Build | Settlement |
| 2:45 | Create | Villager (Male) |
| 2:45 | Create | Villager (Male) |
| 3:16 | Create | Villager (Male) |
| 3:16 | Create | Villager (Male) |
| 3:36 | Create | Villager (Male) |
| 4:02 | Create | Villager (Male) |
| 4:27 | Create | Villager (Male) |
| 4:28 | Create | Villager (Male) |
| 4:44 | Create | Villager (Male) |
| 5:00 | Build | Settlement |
| 5:12 | Create | Villager (Male) |
| 5:12 | Create | Villager (Male) |
| 5:30 | Create | Villager (Male) |
| 6:09 | Create | Villager (Male) |
| 6:17 | Create | Villager (Male) |
| 6:38 | Create | Villager (Male) |
| 6:54 | Build | House |
| 7:05 | Build | House |
| 7:20 | Create | Villager (Male) |
| 7:34 | Create | Villager (Male) |
| 7:45 | Create | Villager (Male) |
| 8:18 | Build | House |
| 8:35 | Research | Feudal Age |
| 10:15 | Create | Villager (Male) |
| 10:20 | Create | Villager (Male) |
| 10:35 | Build | Barracks |
| 10:51 | Age | Feudal Age |
| 10:54 | Research | Double-Bit Axe |
| 10:56 | Research | Horse Collar |
| 11:03 | Create | Villager (Male) |
| 11:09 | Build | Archery Range |
| 11:19 | Build | Watch Tower |
| 12:22 | Create | Villager (Male) |
| 12:23 | Create | Villager (Male) |
| 12:50 | Create | Villager (Male) |
| 13:23 | Build | Blacksmith |
| 13:27 | Create | Villager (Male) |
| 13:45 | Research | Castle Age |
| 13:45 | Research | Castle Age |
| 13:59 | Build | Settlement |
| 14:37 | Create | Villager (Male) |
| 14:54 | Build | Farm |
| 14:56 | Build | Farm |
| 15:07 | Research | Fletching |
| 16:42 | Age | Castle Age |
| 16:45 | Research | Bow Saw |
| 16:47 | Create | Villager (Male) |
| 17:03 | Build | Dock |
| 17:08 | Create | Villager (Male) |
| 17:34 | Build | Farm |
| 17:39 | Build | Farm |
| 17:39 | Build | Farm |
| 17:39 | Build | Farm |
| 17:40 | Build | Farm |
| 17:40 | Build | Farm |
| 17:40 | Build | Farm |
| 17:41 | Build | Farm |
| 17:45 | Create | Fishing Ship |
| 17:58 | Build | Castle |
| 18:11 | Build | Farm |
| 18:12 | Build | Farm |
| 18:13 | Create | Villager (Male) |
| 18:15 | Create | Villager (Male) |
| 18:41 | Create | Villager (Male) |
| 18:43 | Build | Farm |
| 19:09 | Create | Villager (Male) |
| 19:30 | Build | Farm |
| 19:31 | Build | Farm |
| 19:46 | Create | Unit 2579 |
| 19:46 | Create | Unit 2579 |
| 19:51 | Research | Bodkin Arrow |
| 19:52 | Create | Villager (Male) |
| 19:58 | Build | Farm |
| 20:00 | Create | Villager (Male) |
| 20:05 | Create | Unit 2579 |
| 20:19 | Create | Unit 2579 |
| 20:19 | Create | Unit 2579 |
| 20:20 | Create | Villager (Male) |
| 20:28 | Create | Unit 2579 |
| 20:40 | Create | Unit 2579 |
| 20:42 | Create | Villager (Male) |
| 20:45 | Create | Unit 2579 |
| 21:11 | Create | Unit 2579 |
| 21:15 | Create | Villager (Male) |
| 21:16 | Create | Villager (Male) |
| 21:39 | Research | Padded Archer Armor |
| 21:42 | Create | Unit 2579 |
| 21:45 | Create | Villager (Male) |
| 21:47 | Research | Heavy Plow |
| 21:50 | Research | Gold Mining |
| 22:05 | Create | Fishing Ship |
| 22:22 | Create | Unit 2579 |
| 22:22 | Create | Unit 2579 |
| 22:33 | Create | Villager (Male) |
| 22:40 | Create | Villager (Male) |
| 22:42 | Create | Unit 2579 |
| 22:42 | Create | Unit 2579 |
| 22:50 | Create | Villager (Male) |
| 23:09 | Build | Town Center |
| 23:11 | Create | Villager (Male) |
| 23:16 | Create | Unit 2579 |
| 23:21 | Create | Unit 2579 |
| 23:22 | Create | Unit 2579 |
| 23:30 | Create | Villager (Male) |
| 23:38 | Create | Unit 2579 |
| 23:42 | Create | Villager (Male) |
| 23:53 | Create | Unit 2579 |
| 24:21 | Build | Castle |
| 24:29 | Create | Villager (Male) |
| 24:29 | Create | Villager (Male) |
| 24:32 | Build | Farm |
| 24:37 | Build | Farm |
| 24:38 | Build | Farm |
| 24:38 | Build | Farm |
| 24:42 | Build | Farm |
| 24:50 | Research | Wheelbarrow |
| 24:50 | Research | Wheelbarrow |
| 24:52 | Research | Wheelbarrow |
| 24:53 | Research | Wheelbarrow |
| 25:00 | Research | Leather Archer Armor |
| 25:00 | Research | Leather Archer Armor |
| 25:05 | Build | Farm |
| 25:38 | Create | Villager (Male) |
| 25:39 | Create | Villager (Male) |
| 26:00 | Create | Villager (Male) |
| 26:00 | Create | Villager (Male) |
| 26:15 | Create | Villager (Male) |
| 26:18 | Create | Unit 2579 |
| 26:18 | Create | Unit 2579 |
| 26:22 | Create | Villager (Male) |
| 26:29 | Build | Town Center |
| 26:35 | Create | Fishing Ship |
| 26:36 | Create | Fishing Ship |
Match timeline
| 0:41 | omnomnomnivore · wall_segment Palisade Wall x11 |
| 1:03 | omnomnomnivore · wall_segment Palisade Wall x16 |
| 1:17 | omnomnomnivore · wall_segment Palisade Wall x10 |
| 1:36 | omnomnomnivore · wall_segment Palisade Wall x1 |
| 1:38 | Juanki · wall_segment Palisade Wall x7 |
| 2:04 | -=GoW=-Dragon · wall_segment Palisade Wall x13 |
| 2:15 | -=GoW=-Dragon · wall_segment Palisade Wall x3 |
| 2:24 | -=GoW=-Dragon · wall_segment Palisade Wall x1 |
| 3:55 | ✪-Matteo-✪ · wall_segment Palisade Wall x4 |
| 3:56 | ✪-Matteo-✪ · wall_segment Palisade Wall x1 |
| 3:57 | ✪-Matteo-✪ · wall_segment Palisade Wall x2 |
| 4:23 | AVCI · first_building Barracks |
| 5:21 | SiMpSoN · first_building Dock |
| 5:24 | -=GoW=-Dragon · wall_segment Palisade Wall x1 |
| 5:41 | busy pushing deer · first_building Barracks |
| 5:44 | -=GoW=-Dragon · wall_segment Palisade Wall x12 |
| 6:01 | AVCI · first_building Dock |
| 7:14 | ✪-Matteo-✪ · first_building Dock |
| 7:31 | -=GoW=-Dragon · wall_segment Palisade Wall x5 |
| 7:32 | -=GoW=-Dragon · wall_segment Palisade Wall x1 |
| 7:32 | -=GoW=-Dragon · wall_segment Palisade Wall x1 |
| 7:48 | Lokomotive Leipzig · first_building Dock |
| 8:20 | Juanki · first_building Dock |
| 8:39 | busy pushing deer · age_up feudal |
| 8:53 | busy pushing deer · first_building Archery Range |
| 9:10 | -=GoW=-Dragon · wall_segment Palisade Wall x12 |
| 9:10 | AVCI · wall_segment Palisade Wall x1 |
| 9:31 | SiMpSoN · first_building Barracks |
| 10:15 | Lokomotive Leipzig · age_up feudal |
| 10:29 | -=GoW=-Dragon · wall_segment Palisade Wall x1 |
| 10:33 | AVCI · age_up feudal |
| 10:35 | omnomnomnivore · first_building Barracks |
| 10:46 | AVCI · first_building Archery Range |
| 10:51 | omnomnomnivore · age_up feudal |
| 11:09 | ✪-Matteo-✪ · first_building Barracks |
| 11:09 | omnomnomnivore · first_building Archery Range |
| 11:22 | busy pushing deer · wall_segment Stone Wall x11 |
| 11:26 | Juanki · first_building Barracks |
| 11:27 | busy pushing deer · wall_segment Stone Wall x4 |
| 11:28 | SiMpSoN · age_up feudal |
| 11:31 | SiMpSoN · first_building Archery Range |
| 11:31 | -=GoW=-Dragon · first_building Barracks |
| 12:09 | Lokomotive Leipzig · first_building Barracks |
| 12:10 | busy pushing deer · wall_segment Stone Wall x5 |
| 12:33 | ✪-Matteo-✪ · age_up feudal |
| 12:39 | Juanki · age_up feudal |
| 12:46 | busy pushing deer · first_building Dock |
| 12:58 | Lokomotive Leipzig · first_building Stable |
| 13:18 | ✪-Matteo-✪ · wall_segment Palisade Wall x4 |
| 13:19 | AVCI · wall_segment Palisade Wall x1 |
| 13:46 | -=GoW=-Dragon · age_up feudal |
| 13:52 | -=GoW=-Dragon · first_building Archery Range |
| 14:18 | ✪-Matteo-✪ · wall_segment Stone Wall x3 |
| 14:50 | ✪-Matteo-✪ · wall_segment Stone Wall x4 |
| 15:05 | SiMpSoN · age_up castle |
| 15:20 | Juanki · first_market_sell 100 stone |
| 15:22 | Juanki · first_market_buy 100 food |
| 16:38 | Lokomotive Leipzig · age_up castle |
| 16:42 | omnomnomnivore · age_up castle |
| 16:44 | Juanki · wall_segment Stone Wall x9 |
| 17:03 | omnomnomnivore · first_building Dock |
| 17:29 | AVCI · age_up castle |
| 17:50 | AVCI · first_building Siege Workshop |
| 17:53 | ✪-Matteo-✪ · first_market_buy 100 food |
| 17:57 | ✪-Matteo-✪ · first_market_sell 100 wood |
| 17:58 | omnomnomnivore · first_building Castle |
| 18:56 | Juanki · age_up castle |
| 20:10 | AVCI · first_building Monastery |
| 20:18 | ✪-Matteo-✪ · wall_segment Stone Wall x3 |
| 20:55 | ✪-Matteo-✪ · age_up castle |
| 21:02 | ✪-Matteo-✪ · first_building Siege Workshop |
| 21:20 | AVCI · wall_segment Palisade Wall x3 |
| 22:19 | busy pushing deer · wall_segment Stone Wall x1 |
| 24:47 | Juanki · first_building Monastery |
| 25:06 | Lokomotive Leipzig · first_building Monastery |
| 26:19 | SiMpSoN · first_market_buy 100 food |
| 26:35 | -=GoW=-Dragon · first_market_sell 100 wood |
| 26:39 | -=GoW=-Dragon · first_market_buy 100 food |
| 26:52 | Juanki · first_building Siege Workshop |
| 27:08 | busy pushing deer · age_up castle |
| 27:11 | busy pushing deer · first_building Castle |
| 27:21 | busy pushing deer · first_building Siege Workshop |
| 27:27 | ✪-Matteo-✪ · first_building Castle |
| 28:00 | SiMpSoN · first_building Castle |
| 28:07 | ✪-Matteo-✪ · tribute_sent a jugador 1 |
| 28:07 | ✪-Matteo-✪ · tribute_sent a jugador 2 |
| 28:07 | ✪-Matteo-✪ · tribute_sent a jugador 3 |
| 28:07 | ✪-Matteo-✪ · tribute_sent a jugador 4 |
| 28:07 | ✪-Matteo-✪ · tribute_sent a jugador 5 |
| 28:07 | ✪-Matteo-✪ · tribute_sent a jugador 7 |
| 28:07 | ✪-Matteo-✪ · tribute_sent a jugador 8 |
| 28:11 | busy pushing deer · wall_segment Stone Wall x8 |
| 28:18 | Juanki · first_building Castle |
| 28:22 | busy pushing deer · wall_segment Stone Wall x7 |
| 28:36 | omnomnomnivore · first_building Monastery |
| 28:38 | AVCI · first_building Castle |
| 29:10 | AVCI · first_market_buy 100 food |
| 29:25 | Lokomotive Leipzig · first_building Siege Workshop |
| 29:33 | -=GoW=-Dragon · age_up castle |
| 29:43 | SiMpSoN · first_market_sell 100 wood |
| 29:43 | busy pushing deer · wall_segment Stone Wall x2 |
| 29:49 | Lokomotive Leipzig · age_up imperial |
| 30:17 | AVCI · first_market_sell 100 food |
| 30:42 | busy pushing deer · wall_segment Stone Wall x2 |
| 31:04 | Juanki · age_up imperial |
| 31:15 | busy pushing deer · wall_segment Stone Wall x1 |
| 31:30 | SiMpSoN · tribute_sent a jugador 1 |
| 31:30 | SiMpSoN · tribute_sent a jugador 2 |
| 31:30 | SiMpSoN · tribute_sent a jugador 4 |
| 31:30 | SiMpSoN · tribute_sent a jugador 5 |
| 31:30 | SiMpSoN · tribute_sent a jugador 6 |
| 31:30 | SiMpSoN · tribute_sent a jugador 7 |
| 31:30 | SiMpSoN · tribute_sent a jugador 8 |
| 31:37 | AVCI · tribute_sent a jugador 1 |
| 31:37 | AVCI · tribute_sent a jugador 2 |
| 31:37 | AVCI · tribute_sent a jugador 3 |
| 31:37 | AVCI · tribute_sent a jugador 4 |
| 31:37 | AVCI · tribute_sent a jugador 6 |
| 31:37 | AVCI · tribute_sent a jugador 7 |
| 31:37 | AVCI · tribute_sent a jugador 8 |
| 31:41 | Lokomotive Leipzig · first_market_buy 100 stone |
| 31:48 | -=GoW=-Dragon · wall_segment Stone Wall x1 |
| 31:49 | -=GoW=-Dragon · wall_segment Stone Wall x1 |
| 31:49 | -=GoW=-Dragon · wall_segment Stone Wall x1 |
| 31:56 | Lokomotive Leipzig · first_building Castle |
| 32:17 | SiMpSoN · tribute_sent a jugador 1 |
| 32:17 | SiMpSoN · tribute_sent a jugador 2 |
| 32:17 | SiMpSoN · tribute_sent a jugador 4 |
| 32:17 | SiMpSoN · tribute_sent a jugador 5 |
| 32:17 | SiMpSoN · tribute_sent a jugador 6 |
| 32:17 | SiMpSoN · tribute_sent a jugador 7 |
| 32:17 | SiMpSoN · tribute_sent a jugador 8 |
| 32:20 | busy pushing deer · first_market_sell 500 food |
| 32:23 | AVCI · age_up imperial |
| 32:31 | busy pushing deer · first_market_buy 100 stone |
| 33:00 | SiMpSoN · age_up imperial |
| 33:38 | Juanki · first_building Krepost |
| 33:52 | -=GoW=-Dragon · first_building Castle |
| 34:00 | omnomnomnivore · age_up imperial |
| 34:27 | busy pushing deer · wall_segment Stone Wall x6 |
| 34:28 | ✪-Matteo-✪ · age_up imperial |
| 34:39 | busy pushing deer · wall_segment Stone Wall x1 |
| 35:33 | busy pushing deer · wall_segment Stone Wall x2 |
| 36:18 | busy pushing deer · age_up imperial |
| 40:02 | AVCI · tribute_sent a jugador 1 |
| 40:02 | AVCI · tribute_sent a jugador 2 |
| 40:02 | AVCI · tribute_sent a jugador 3 |
| 40:02 | AVCI · tribute_sent a jugador 4 |
| 40:02 | AVCI · tribute_sent a jugador 6 |
| 40:02 | AVCI · tribute_sent a jugador 7 |
| 40:02 | AVCI · tribute_sent a jugador 8 |
| 40:13 | -=GoW=-Dragon · age_up imperial |
| 41:26 | ✪-Matteo-✪ · tribute_sent a jugador 1 |
| 41:26 | ✪-Matteo-✪ · tribute_sent a jugador 2 |
| 41:26 | ✪-Matteo-✪ · tribute_sent a jugador 3 |
| 41:26 | ✪-Matteo-✪ · tribute_sent a jugador 4 |
| 41:26 | ✪-Matteo-✪ · tribute_sent a jugador 5 |
| 41:26 | ✪-Matteo-✪ · tribute_sent a jugador 7 |
| 41:26 | ✪-Matteo-✪ · tribute_sent a jugador 8 |
| 44:28 | Lokomotive Leipzig · first_market_sell 100 wood |
| 44:56 | omnomnomnivore · resign |
| 45:51 | AVCI · tribute_sent a jugador 1 |
| 45:51 | AVCI · tribute_sent a jugador 2 |
| 45:51 | AVCI · tribute_sent a jugador 3 |
| 45:51 | AVCI · tribute_sent a jugador 4 |
| 45:51 | AVCI · tribute_sent a jugador 6 |
| 45:51 | AVCI · tribute_sent a jugador 7 |
| 45:51 | AVCI · tribute_sent a jugador 8 |
[ AI ANALYSIS · 1 CREDIT ]
What really happened in this match?
Wolo.gg analyzes every decision: build order, eco, micro, common mistakes by bracket. Personalized analysis on WhatsApp or Discord in 30 seconds.
Civ guide
Celts
Perfil
Jugador #2697515